 Dungeon Crawl Stone Soup version 0.29-a0-283-ga02f740833 (webtiles) character file.

Game seed: 15468301379195084649

260 Dabor the Skirmisher (level 6, -5/48 HPs)
             Began as a Formicid Abyssal Knight on Mar 13, 2022.
             Was a Priest of Lugonu.
             Splashed by a jelly's acid (8 damage)
             ... on level 3 of the Dungeon.
             The game lasted 00:06:54 (3410 turns).

Dabor the Skirmisher (Formicid Abyssal Knight)      Turns: 3410, Time: 00:06:55

Health: -5/48      AC:  3    Str: 20    XL:     6   Next: 41%
Magic:  8/8        EV: 11    Int:  9    God:    Lugonu [***...]
Gold:   151        SH:  6    Dex: 11    Spells: 5/5 levels left

rFire   . . .      SeeInvis +   a - +2 spear
rCold   + . .      Faith    .   s - +2 buckler {reflect}
rNeg    . . .      Spirit   .   b - +0 leather armour
rPois   +          Reflect  +   (helmet unavailable)
rElec   .          Harm     .   (no cloak)
rCorr   .          Rampage  .   (no gloves)
Will    .....                   (no boots)
Stlth   +.........              (no amulet)
HPRegen 0.16/turn               e - ring of protection from cold
MPRegen 0.11/turn               i - ring of poison resistance

@: no status effects
A: permanent stasis, dig shafts and tunnels, antennae 3, four strong arms
a: Dig, Shaft Self, Renounce Religion, Depart the Abyss, Bend Space, Banish


You were on level 3 of the Dungeon.
You worshipped Lugonu.
Lugonu was most pleased with you.
You visited 1 branch of the dungeon, and saw 4 of its levels.
You visited the Abyss 1 time.

You collected 151 gold pieces.

Inventory:

Hand Weapons
 a - a +2 spear (weapon)
Missiles
 h - 2 boomerangs
Armour
 b - a +0 leather armour (worn)
 n - the +0 tower shield of Daisies {Int+4}
   (You found it on level 3 of the Dungeon)

   Int:       It affects your intelligence (+4).
 s - a +2 buckler of reflection (worn)
Jewellery
 e - a ring of protection from cold (left hand)
 i - a ring of poison resistance (right hand)
Scrolls
 f - a scroll of amnesia
 g - 2 scrolls of teleportation
Potions
 c - a potion of resistance
 d - a potion of flight {unknown}
 j - a potion of cancellation
 k - a potion of ambrosia {unknown}
 l - a potion of lignification {unknown}
 m - a potion of degeneration {unknown}
 o - a potion of brilliance {unknown}


   Skills:
 + Level 4.3 Fighting
 + Level 3.2 Polearms
 + Level 3.4 Armour
 + Level 2.2 Dodging
 + Level 1.6 Shields
 + Level 3.8 Invocations


You had 5 spell levels left.
You didn't know any spells.
Your spell library contained the following spells:

 Spells                   Type           Power      Damage    Failure   Level
 Dispersal                Tloc           0%         N/A       100%        6
 Disjunction              Tloc           0%         N/A       100%        8


Dungeon Overview and Level Annotations

Branches:
Dungeon (4/15)
 Temple: D:4-7

Altars:

Annotations:
Abyss:1 Terence


Innate Abilities, Weirdness & Mutations

You cannot be hasted, slowed, berserked, paralysed or teleported.
You can dig through walls and to a lower floor.
You have a pair of large antennae on your head. (SInv)
Your four strong arms can wield two-handed weapons with a shield.


Message History

You hit the jelly.
Your hands burn!
The jelly is moderately wounded.
You block the jelly's attack.
You barely miss the jelly.
The jelly is moderately wounded.
You block the jelly's attack.
You hit the jelly. The acid corrodes you!
Your hands burn!
The jelly is heavily wounded.
You block the jelly's attack.
You are too injured to fight recklessly!
You are too injured to fight recklessly!
You are too injured to fight recklessly!
You are too injured to fight recklessly!
You are too injured to fight recklessly!
You are too injured to fight recklessly!
You barely miss the jelly.
The jelly is heavily wounded.
You block the jelly's attack.
You hit the jelly.
Your hands burn!
The jelly is severely wounded.
The jelly closely misses you.
You hit the jelly.
Your hands burn!
* * * LOW HITPOINT WARNING * * *
The jelly is almost dead.
The jelly completely misses you.
You completely miss the jelly.
The jelly is almost dead.
The jelly hits you.
* * * LOW HITPOINT WARNING * * *
You are splashed with acid!
* * * LOW HITPOINT WARNING * * *
Okay, then.
It was a potion of cancellation.
Your magical effects are unravelling.
You feel magically purged.
You are no longer corroded.
The jelly hits you.
* * * LOW HITPOINT WARNING * * *
You are splashed with acid!
You die...

##################
#@J...............
#.#...............
#.#[##.......#####
#....#.#####.#...#
######## #.#..#.#
#.#.#.# #......#
#.#(.#.# #.#.#.#
#......# #.#..#.#
#.#.#.# #......#
#.#..#.#####.#.#..
#......#
#.#..#.....#.#.#..


You could see a jelly.

Vanquished Creatures
  A scorpion (D:3)
  2 adders
  A worm (D:2)
  5 dart slugs
  4 orcs (D:3)
  4 ball pythons
  3 bats
  6 endoplasms
  A giant cockroach (D:3)
  6 goblins
  2 hobgoblins (D:2)
  3 jackals (D:2)
  5 kobolds
  A quokka (D:2)
  3 frilled lizards (D:2)
  5 rats
52 creatures vanquished.

Notes
Turn   | Place    | Note
-------+----------+-------------------------------------------
     0 | Abyss:1  | Dabor the Formicid Abyssal Knight began the quest for the
                  | Orb.
     0 | Abyss:1  | Reached XP level 1. HP: 18/18 MP: 2/2
    10 | D:1      | Escaped the Abyss
    94 | D:1      | Reached skill level 1 in Dodging
   126 | D:1      | Reached XP level 2. HP: 23/24 MP: 3/3
   303 | D:1      | Found a faded altar of an unknown god.
   802 | D:1      | Reached XP level 3. HP: 12/29 MP: 4/4
  1466 | D:2      | Reached *** piety under Lugonu
  1523 | D:2      | Reached XP level 4. HP: 37/37 MP: 6/6
  1552 | D:2      | Noticed Terence
  1579 | D:2      | Banished Terence
  2355 | D:3      | Identified the +0 tower shield of Daisies {Int+4}
  2470 | D:3      | Reached XP level 5. HP: 42/42 MP: 7/7
  2767 | D:3      | Noticed an ice beast
  2783 | D:3      | Banished an ice beast
  2784 | D:3      | Reached skill level 4 in Fighting
  2784 | D:3      | Reached skill level 1 in Shields
  2784 | D:3      | Reached XP level 6. HP: 39/48 MP: 0/8
  3410 | D:3      | Splashed by a jelly's acid

Illustrated notes

Levels and vault maps discovered:
D:1:      dpeg_arrival_long_road, layout_rooms,
          ebering_ecumenical_altar_sacrificial, minivault_26
D:2:      layout_rooms, uniq_terence
D:3:      layout_basic
D:4:      layout_rooms

Skill      XL: |  1  2  3  4  5 |
---------------+----------------+-----
Dodging        | 1 2 |  2.2
Invocations    | 3 |  3.8
Armour         | 3 |  3.4
Fighting       | 4 |  4.3
Polearms       | 3 |  3.2
Shields        | 1 |  1.6

Action                   |  1- 3 |  4- 6 || total
-------------------------+-------+-------++-------
Melee: Spear             |   108 |   139 ||   247
Invok: Bend Space        |       |     7 ||     7
       Banish            |       |     2 ||     2
  Use: Potion            |       |     9 ||     9
       Scroll            |       |     7 ||     7
Armor: Leather armour    |    21 |    21 ||    42
Dodge: Dodged            |    49 |    56 ||   105
Block: Tower shield      |       |    23 ||    23
       Buckler           |       |    14 ||    14

Table legend: (Time is in decaauts)
 A = Elapsed time spent in this place.
 B = Non-inter-level travel time spent in this place.
 C = Inter-level travel time spent in this place.
 D = Time resting spent in this place.
 E = Time spent auto-exploring this place.
 F = Levels seen in this place.
 G = Mean time per level.
                   A        B        C        D        E       F      G
               +--------+--------+--------+--------+--------+-----+--------+
         Total |   3427 |   3280 |    147 |    656 |   2068 |   5 |  685.4 |
       Dungeon |   3417 |   3270 |    147 |    656 |   2066 |   4 |  854.2 |
         Abyss |     10 |     10 |      0 |      0 |      2 |   1 |   10.0 |
               +--------+--------+--------+--------+--------+-----+--------+

Top non-repeatable levels by time:
     D:2: 1319 daAuts
     D:1: 1066 daAuts
     D:3: 943 daAuts
     D:4: 88 daAuts
 Abyss:1: 10 daAuts
